 Dungeon Crawl Stone Soup version 0.31-a0-1321-g5021b54cb2 (webtiles) character file.

Game seed: 2125918105453898141

2394 jasper the Merchant of Misery (level 9, 0/66 HPs)
             Began as a Mummy Necromancer on Dec 19, 2023.
             Was a Believer of Kikubaaqudgha.
             Slain by a wight
             ... wielding a +4 flail
              (4 damage)
             ... on level 7 of the Dungeon on Dec 21, 2023.
             The game lasted 00:15:04 (6669 turns).

jasper the Merchant of Misery (Mummy Necromancer)   Turns: 6669, Time: 00:15:04

Health: 0/66       AC:  5    Str: 11    XL:     9   Next: 22%
Magic:  12/16      EV: 14    Int: 18    God:    Kikubaaqudgha [**....]
Gold:   223        SH:  0    Dex: 19    Spells: 6/18 levels left

rFire   . . .        b - +1 flail of Arrival {flame, rF+ rC+}
rCold   + + .        (no shield)
rNeg    + + +        a - +1 robe
rPois   ∞            k - +0 helmet
rElec   .            (no cloak)
rCorr   .            s - +0 pair of gloves {hurl}
SInv    .            (no boots)
Will    ++...        o - amulet of the acrobat
Stlth   ++           g - +6 ring of dexterity
HPRegen 0.31/turn    n - ring of willpower
MPRegen 0.15/turn

%: acrobat, faith
@: on blink cooldown, very slightly contaminated
A: cold resistance 1, negative energy resistance 3, torment resistance 2, heat
vulnerability 1, in touch with death 1, no potions, faith
a: Renounce Religion, Unearth Wretches


You were on level 7 of the Dungeon.
You worshipped Kikubaaqudgha.
Kikubaaqudgha was pleased with you.
You visited 1 branch of the dungeon, and saw 7 of its levels.

You collected 338 gold pieces.
You spent 115 gold pieces at shops.

Inventory:

Hand Weapons
 b - the +1 flail of Arrival (weapon) {flame, rF+ rC+}
   (You found it on level 2 of the Dungeon)

   rF+:       It protects you from fire.
   rC+:       It protects you from cold.
 c - a +0 dagger
 j - a +1 spear
 m - a +0 morningstar
 w - a +4 flail of draining
 y - a +0 whip of electrocution
Missiles
 e - 72 stones
 p - 9 boomerangs
Armour
 a - a +1 robe (worn)
 k - a +0 helmet (worn)
 s - a +0 pair of gloves of hurling (worn)
Magical Staves
 v - a staff of earth
Jewellery
 g - a +6 ring of dexterity (left hand)
 n - a ring of willpower (right hand)
 o - an amulet of the acrobat (around neck)
Wands
 t - a wand of quicksilver (5)
Scrolls
 d - 3 scrolls of butterflies
 f - 3 scrolls of teleportation
 i - 2 scrolls of immolation
 l - 3 scrolls of revelation
 q - a scroll of vulnerability
 r - a scroll of fear
 u - a scroll of blinking
 x - 2 scrolls of poison {unknown}


   Skills:
 + Level 4.7 Fighting
 + Level 4.4 Dodging
 - Level 1.5 Stealth
 + Level 5.2 Spellcasting
 - Level 10.0 Necromancy
 - Level 2.0 Translocations


You had 6 spell levels left.
You knew the following spells:

 Your Spells              Type           Power      Damage    Failure   Level
a - Necrotise             Necr           100%       1d9       1%          1
b - Vampiric Draining     Necr           57%        2d10      1%          3
c - Cigotuvi's Dreadful   Necr/Alch/Air  50%        N/A       4%          2
d - Animate Dead          Necr           57%        N/A       2%          4
e - Blink                 Tloc           22%        N/A       9%          2

Your spell library contained the following spells:

 Spells                   Type           Power      Damage    Failure   Level
 Kiss of Death            Conj/Necr      100%       2d13      1%          1
 Agony                    Necr           57%        N/A       6%          5
 Lesser Beckoning         Tloc           22%        N/A       9%          2
 Foxfire                  Conj/Fire      16%        2x1d4     13%         1
 Momentum Strike          Conj/Tloc      16%        3d8       13%         2
 Animate Armour           Summ/Erth      8%         N/A       78%         4
 Summon Lightning Spire   Summ/Air       4%         N/A       78%         4
 Lee's Rapid Deconstruct  Erth           2%         3d4*      98%         5
 Plasma Beam              Fire/Air       2%         2x1d12    100%        6
 Starburst                Conj/Fire      2%         6d3       100%        6


Dungeon Overview and Level Annotations

Branches:
Dungeon (7/15)
 Temple: D:4-7

Altars:
Fedhas
Kikubaaqudgha
Ru

Shops:
D:2 =   D:5 *[?


Innate Abilities, Weirdness & Mutations

You are immune to poison.
Your flesh is cold resistant. (rC+)
You are immune to negative energy. (rN+++)
You are immune to unholy pain and torment.
You are vulnerable to heat. (rF-)
You are in touch with the powers of death.
You do not drink.
You have a special connection with the divine. (Faith)


Message History

You hit the wight. You burn the wight.
The wight is heavily damaged.
The wight hits you with a +0 flail! The wight misses you.
You take 7 damage, and have 43/66 hp.
You hit the wight. You burn the wight.
The wight is severely damaged.
The wight hits you with a +0 flail!
You take 13 damage, and have 30/66 hp.
You thump the wight! You burn the wight.
You destroy the wight!
Kikubaaqudgha accepts your kill.
You can't drink.
Unknown command.
Okay, then.
You closely miss the wight. The wight barely misses you.
The wight hits you with a +1 hand axe.
You take 3 damage, and have 27/66 hp.
You closely miss the wight. The wight hits you with a +1 hand axe!
* * * LOW HITPOINT WARNING * * *
You take 9 damage, and have 18/66 hp.
Casting: Vampiric Draining (safe; 1% risk of failure)
Confirm with . or Enter, or press ? or * to list all spells.
You miscast Blink.
You are very lightly contaminated with residual magic.
Nothing appears to happen.
The wight barely misses you.
You now have 14/16 mp.
Casting: Blink (safe; 9% risk of failure)
Confirm with . or Enter, or press ? or * to list all spells.
You blink.
The wight hits you with a +3 mace of freezing.
* * * LOW HITPOINT WARNING * * *
The ice beast hits you.
* * * LOW HITPOINT WARNING * * *
The ice beast freezes you. You resist.
* * * LOW HITPOINT WARNING * * *
The wight hits you with a +1 hand axe.
* * * LOW HITPOINT WARNING * * *
The wight hits you with a +4 flail.
You die...
Kikubaaqudgha rasps: "You have failed me!
Welcome... oblivion!"

####### ##... ..##
###.⌠#####⌠.#
#.#§##...##.#
#z#z#.⌠.⌠.#.#
#z@Y#..<..'.#
#.#.#.⌠.⌠.#Z#
........#.##...##Z#
........#.⌠#####).#
........##...Z.ZZ##
.........#########
......... .....###.
....# ..


You could see an ice beast and 3 wights.

Vanquished Creatures
  Pikel (D:6)
  A water moccasin (D:6)
  A black bear (D:5)
  An ice beast (D:5)
  A centaur (D:6)
  An ogre (D:4)
  A kobold brigand (D:7)
  5 scorpions
  A wight (D:7)
  3 hounds
  A jelly (D:5)
  2 sleepcaps
  2 iguanas
  Robin (D:2)
  3 gnolls (D:3)
  13 adders
  A white imp (D:6)
  5 ufetubi
  A dart slug (D:3)
  4 worms
  9 orcs
  4 endoplasms
  2 giant cockroaches (D:1)
  12 goblins
  11 hobgoblins
  3 jackals (D:2)
  2 quokkas
  9 ball pythons
  4 bats
  4 frilled lizards
  8 kobolds
  5 rats
122 creatures vanquished.

Vanquished Creatures (collateral kills)
  Sigmund (D:6)
  Edmund (D:6)
  An ogre (D:6)
  A phantom (D:6)
  A hound (D:5)
  A jelly (D:6)
  Jessica (D:3)
  2 adders (D:6)
  An ufetubus (D:6)
  A dart slug (D:1)
  An orc (D:6)
  A kobold (D:3)
  A frilled lizard (D:1)
  A goblin (D:2)
15 creatures vanquished.

Vanquished Creatures (others)
  A water moccasin zombie (D:6)
  A goblin (D:2)
  5 kobold zombies (D:7)
  An orc zombie (D:6)
8 creatures vanquished.

Grand Total: 145 creatures vanquished

Notes
Turn   | Place    | Note
-------+----------+-------------------------------------------
     0 | D:1      | jasper the Mummy Necromancer began the quest for the Orb.
     0 | D:1      | Reached XP level 1. HP: 13/13 MP: 4/4
   418 | D:1      | Reached XP level 2. HP: 19/19 MP: 4/6
  1302 | D:2      | Identified the +1 flail of Arrival {flame, rF+ rC+}
  1305 | D:2      | Upgraded the game from 0.31-a0-1308-ga3cce3a448 to
                  | 0.31-a0-1321-g5021b54cb2
  1435 | D:2      | Reached XP level 3. HP: 24/24 MP: 2/8
  1439 | D:2      | Learned a level 3 spell: Vampiric Draining
  1520 | D:2      | Noticed Robin
  1722 | D:2      | Found Sairisas's Jewellery Shop.
  1963 | D:2      | Killed Robin
  2365 | D:3      | Reached XP level 4. HP: 30/30 MP: 8/10
  2458 | D:3      | Found a sacrificial altar of Ru.
  2465 | D:3      | Reached skill level 5 in Necromancy
  2472 | D:3      | Became a worshipper of Ru the Awakened
  2555 | D:3      | Noticed Jessica
  2565 | D:3      | Killed Jessica
  2864 | D:3      | Reached XP level 5. HP: 35/35 MP: 9/12
  2883 | D:3      | Reached skill level 5 in Spellcasting
  3278 | D:4      | Reached skill level 6 in Necromancy
  3408 | D:4      | Noticed an ogre
  3414 | D:4      | Killed an ogre
  3415 | D:4      | Reached XP level 6. HP: 36/41 MP: 2/13
  3650 | D:4      | Found an ancient bone altar of Kikubaaqudgha.
  3653 | D:4      | Found a blossoming altar of Fedhas.
  3659 | D:4      | Fell from the grace of Ru
  3659 | D:4      | Became a worshipper of Kikubaaqudgha
  3690 | D:4      | Reached skill level 7 in Necromancy
  3921 | D:5      | Entered Level 5 of the Dungeon
  3966 | D:5      | Reached XP level 7. HP: 41/46 MP: 2/14
  4084 | D:5      | Reached skill level 8 in Necromancy
  4436 | D:5      | Found Guthil's Magic Scroll Shop.
  4436 | D:5      | Found Acoedak's Armour Shop.
  4438 | D:5      | Found Banucane's General Store.
  4447 | D:5      | Bought a +0 pair of gloves of hurling for 115 gold pieces
  4484 | D:5      | Reached * piety under Kikubaaqudgha
  4484 | D:5      | Received a gift from Kikubaaqudgha
  4488 | D:5      | Learned a level 2 spell: Cigotuvi's Dreadful Rot
  4493 | D:5      | Learned a level 4 spell: Animate Dead
  4535 | D:5      | Learned a level 2 spell: Blink
  4980 | D:6      | Reached skill level 1 in Fighting
  5060 | D:6      | Reached skill level 9 in Necromancy
  5060 | D:6      | Reached skill level 1 in Translocations
  5060 | D:6      | Reached XP level 8. HP: 45/54 MP: 6/15
  5387 | D:6      | Noticed Edmund
  5394 | D:6      | Killed Edmund
  5451 | D:6      | Noticed Sigmund
  5457 | D:6      | Killed Sigmund
  5960 | D:6      | Noticed Pikel
  5968 | D:6      | Killed Pikel
  5969 | D:6      | Reached skill level 10 in Necromancy
  5969 | D:6      | Reached XP level 9. HP: 66/66 MP: 6/16
  6537 | D:7      | Reached ** piety under Kikubaaqudgha
  6669 | D:7      | Slain by a wight

Illustrated notes

Levels and vault maps discovered:
D:1:      psy_arrival_radial02, layout_loops_corners, supply_closet_lemuel,
          minmay_misc_feat_secret_circle
D:2:      layout_basic, serial_shops, shop, kennysheep_generic_room_9,
          uniq_robin
D:3:      layout_basic, mainiacjoe_overflow_brackets, minmay_strange_pillars,
          st_stairs_5, uniq_jessica
D:4:      layout_cave_pools, grunt_temple_overflow_growth_and_decay
D:5:      layout_basic, nicolae_shop_distant_corner_stores, st_stairs_6,
          grunt_ministairs_4
D:6:      minmay_recursive_quarters, layout_loops_ring, corexii_shack,
          sigmund_edmund_badplayer, uniq_pikel
D:7:      layout_basic, nicolae_overflow_hidden_temple,
          minmay_temple_entry_drinking_statues, grunt_ministairs_11

Skill      XL: |  1  2  3  4  5  6  7  8 |
---------------+-------------------------+-----
Spellcasting   | 3 4 5 |  5.2
Necromancy     | 5 6 7 9 10 | 10.0
Fighting       | 1 4 |  4.7
Dodging        | 2 4 |  4.4
Translocations | 1 2 |  2.0
Stealth        | |  1.5

Action                     |  1- 3 |  4- 6 |  7- 9 || total
---------------------------+-------+-------+-------++-------
  Melee: Spear             |    10 |       |       ||    10
         Flail             |    12 |    26 |   110 ||   148
         Punch             |       |       |     3 ||     3
   Cast: Necrotise         |    60 |    72 |    41 ||   173
         Vampiric Draining |     1 |     9 |    23 ||    33
         Animate Dead      |       |       |     3 ||     3
         Blink             |       |       |     1 ||     1
  Evoke: Wand              |       |       |     4 ||     4
    Use: Scroll            |     6 |     1 |     2 ||     9
   Stab: Sleeping          |       |       |     1 ||     1
 Armour: Robe              |    32 |    44 |   165 ||   241
  Dodge: Dodged            |    15 |    30 |   177 ||   222

Table legend: (Time is in decaauts)
 A = Elapsed time spent in this place.
 B = Non-inter-level travel time spent in this place.
 C = Inter-level travel time spent in this place.
 D = Time resting spent in this place.
 E = Time spent auto-exploring this place.
 F = Levels seen in this place.
 G = Mean time per level.
                   A        B        C        D        E       F      G
               +--------+--------+--------+--------+--------+-----+--------+
         Total |   6726 |   6425 |    301 |     47 |   5381 |   7 |  960.9 |
       Dungeon |   6726 |   6425 |    301 |     47 |   5381 |   7 |  960.9 |
               +--------+--------+--------+--------+--------+-----+--------+

Top non-repeatable levels by time:
     D:6: 1475 daAuts
     D:1: 1346 daAuts
     D:2: 1061 daAuts
     D:5: 1056 daAuts
     D:4: 765 daAuts
     D:3: 760 daAuts
     D:7: 260 daAuts
